 Dungeon Crawl Stone Soup version 0.20.1-1-g8b1a95d66d (webtiles) character file.

53 Peloso the Covered (level 3, -1/33 HPs)
             Began as a Minotaur Fighter on Jan 5, 2018.
             Slain by a gnoll
             ... wielding a +0 flail
              (3 damage)
             ... on level 2 of the Dungeon.
             The game lasted 00:01:51 (881 turns).

Peloso the Covered (Minotaur Fighter)                Turns: 881, Time: 00:01:51

Health: -1/33      AC:  7    Str: 20    XL:     3   Next: 62%
Magic:  2/2        EV:  7    Int:  5    God:
Gold:   26         SH:  9    Dex: 10    Spells: 2/2 levels left

rFire    . . .     SeeInvis .   a - +0 long sword
rCold    . . .     Gourm    .   c - +0 shield
rNeg     . . .     Faith    .   b - +0 scale mail
rPois    .         Spirit   .   (helmet restricted)
rElec    .         Reflect  .   (no cloak)
rCorr    .         Harm     .   (no gloves)
MR       .....                  (no boots)
Stlth    ..........             (no amulet)
Regen    0.2/turn               (no ring)
MPRegen  0.1/turn               (no ring)

@: no status effects
A: retaliatory headbutt, horns 2
a: no special abilities


You were on level 2 of the Dungeon.
You were not hungry.

You visited 1 branch of the dungeon, and saw 2 of its levels.

You collected 26 gold pieces.

Inventory:

Hand Weapons
 a - a +0 long sword (weapon)
 e - a +2 short sword of venom
Armour
 b - a +0 scale mail (worn)
 c - a +0 shield (worn)
Scrolls
 i - a scroll of identify {unknown}
Potions
 d - a potion of might
 g - a potion of flight {unknown}
Books
 h - a book of Minor Magic

   Spells                             Type                      Level
   a - Magic Dart                     Conjuration                  1
   b - Blink                          Translocation                2
   c - Call Imp                       Summoning                    2
   d - Slow                           Hexes                        2
   e - Conjure Flame                  Conjuration/Fire             3
   f - Mephitic Cloud                 Conjuration/Poison/Air       3
Comestibles
 f - a bread ration


   Skills:
 + Level 3.9 Fighting
 + Level 2.8 Long Blades
 + Level 4.3 Armour
 + Level 0.9 Dodging
 + Level 0.3 Stealth
 + Level 4.2 Shields


You had 2 spell levels left.
You didn't know any spells.

Dungeon Overview and Level Annotations

Branches:
Dungeon (2/15)

Altars:
Fedhas
The Shining One

Annotations:
D:2 exclusion: oklob plant


Innate Abilities, Weirdness & Mutations

You reflexively headbutt those who attack you in melee.
You have a pair of horns on your head.


Message History

The gnoll is heavily wounded.
The gnoll hits you with a whip. The gnoll hits you but does no damage.
You slash the gnoll!
You kill the gnoll!
The gnoll hits you with a flail.
You completely miss the gnoll. You block the gnoll's attack.
Your shield and scale mail prevent you from hitting the gnoll.
You block the gnoll's attack.
You hit the gnoll.
The gnoll is moderately wounded.
The gnoll misses you.
You riposte.
You hit the gnoll. You headbutt the gnoll.
The gnoll is almost dead.
You hit the gnoll but do no damage.
The gnoll is almost dead.
The gnoll hits you with a flail!
* * * LOW HITPOINT WARNING * * *
You closely miss the gnoll.
The gnoll is almost dead.
The gnoll hits you with a flail.
You die...

##################
.................#
################†#
##### #.#


PPPP♣# #@# PPPPP# #g# P♣PP♣ #g# ..#P♣# #.# P♣P.P# #!# .P.#P# #...# .♣P.## #...#
.PPPP# .%...# .♣##P# ....... You could see 2 gnolls.

Vanquished Creatures
  2 gnolls (D:2)
  An ooze (D:1)
  A dart slug (D:2)
  3 giant cockroaches (D:1)
  7 goblins
  A quokka (D:1)
  4 bats (D:1)
  2 frilled lizards (D:2)
  3 kobolds (D:1)
  5 rats
29 creatures vanquished.

Vanquished Creatures (others)
  16 toadstools (D:2)
16 creatures vanquished.

Grand Total: 45 creatures vanquished

Notes
Turn   | Place    | Note
-------+----------+-------------------------------------------
     0 | D:1      | Peloso the Minotaur Fighter began the quest for the Orb.
     0 | D:1      | Reached XP level 1. HP: 19/19 MP: 0/0
   111 | D:1      | Reached XP level 2. HP: 24/27 MP: 1/1
   545 | D:2      | Found a glowing golden altar of the Shining One.
   573 | D:2      | Reached XP level 3. HP: 33/33 MP: 2/2
   770 | D:2      | Found a blossoming altar of Fedhas.
   789 | D:2      | Noticed an oklob plant
   881 | D:2      | Slain by a gnoll

Skill      XL: |  1  2 |
---------------+-------+-----
Armour         | 4 |  4.3
Shields        | 4 |  4.2
Fighting       | |  3.9
Long Blades    | |  2.8
Dodging        | |  0.9
Stealth        | |  0.3

Action                   || total
-------------------------++-------
Melee: Long sword        ||    74
       Headbutt          ||    15
  Use: Scroll            ||     2
       Potion            ||     1
Armor: Scale mail        ||    34
Dodge: Dodged            ||    30
Block: Shield            ||    39
       Rpst.: Long sword ||    10
